 Dungeon Crawl Stone Soup version 0.29-a0-1033-gb6c65ffae6 (webtiles) character file.

Game seed: 10047037671601632012

13073 porpoise the Basher (level 11, -1/82 HPs)
             Began as a White Draconian Transmuter on Aug 14, 2022.
             Was an Elder of Hepliaklqana.
             Slain by a seven-headed hydra (12 damage)
             ... on level 11 of the Dungeon.
             The game lasted 01:06:29 (12352 turns).

porpoise the Basher (White Draconian Transmuter)   Turns: 12352, Time: 01:06:36

Health: -1/82      AC: 11    Str: 12    XL:     11   Next: 70%
Magic:  18/18      EV: 15    Int: 14    God:    Hepliaklqana [****..]
Gold:   587        SH:  7    Dex: 22    Spells: 13/20 levels left

rFire   + . .      SeeInvis .   a - +11 whip of Siemuke {drain, rPois rF+}
rCold   + . .      Faith    .   m - +1 buckler
rNeg    . . .      Spirit   .   (body armour unavailable)
rPois   +          Reflect  .   (helmet restricted)
rElec   .          Harm     .   (no cloak)
rCorr   .          Rampage  .   (no gloves)
Will    .....                   (no boots)
Stlth   ++........              L - amulet of the acrobat
HPRegen 0.23/turn               e - +4 ring of protection
MPRegen 0.16/turn               O - +6 ring of dexterity

@: hasted, very quick
A: reduced essence, breathe frost, AC +7, unfitting armour, cold resistance 1,
cold-blooded
a: Breathe Frost, Renounce Religion, Recall Ancestor, Ancestor Identity,
Transference, Idealise


You were on level 11 of the Dungeon.
You worshipped Hepliaklqana.
Hepliaklqana was greatly pleased with you.
You visited 2 branches of the dungeon, and saw 12 of its levels.

You collected 587 gold pieces.

Inventory:

Hand Weapons
 a - the +11 whip of Siemuke (weapon) {drain, rPois rF+}
   (You found it on level 4 of the Dungeon)

   A truly terrible weapon, it drains the life of any living foe it strikes.
   rF:        It protects you from fire.
   rPois:     It protects you from poison.
 b - a +2 sling of freezing
 i - a +4 short sword of venom
 r - the +3 short sword of Aseg Piuru {pain, rC+ Int+3}
   (You found it on level 2 of the Dungeon)

   In the hands of one skilled in necromantic magic, it inflicts extra damage on
   living creatures.
   Int:       It affects your intelligence (+3).
   rC:        It protects you from cold.
 w - a +4 vorpal dagger
Missiles
 n - 2 javelins
 q - 15 boomerangs
 u - a curare-tipped dart
 E - 11 poisoned darts
Armour
 m - a +1 buckler (worn)
Magical Staves
 I - a staff of air
 J - a staff of death
Jewellery
 e - a +4 ring of protection (left hand)
 k - an amulet of magic regeneration
 p - a ring of resist corrosion
 L - an amulet of the acrobat (around neck)
 N - a ring of ice
 O - a +6 ring of dexterity (right hand)
Wands
 h - a wand of light (3)
 j - a wand of digging (14)
 x - a wand of iceblast (9)
 A - a wand of flame (27)
 C - a wand of paralysis (6)
 H - a wand of polymorph (11)
Scrolls
 d - a scroll of enchant armour
 f - a scroll of immolation
 g - 2 scrolls of poison
 o - a scroll of identify
 s - a scroll of magic mapping
 y - 4 scrolls of blinking
 D - 2 scrolls of torment
 F - a scroll of fog
 M - 2 scrolls of teleportation
 P - a scroll of fear
Potions
 c - 2 potions of ambrosia
 l - 2 potions of magic
 t - 4 potions of heal wounds
 v - 5 potions of curing
 z - 2 potions of lignification
 K - a potion of mutation
 Q - a potion of flight


   Skills:
 + Level 7.0 Fighting
 - Level 2.0 Short Blades
 - Level 10.2 Maces & Flails
 - Level 5.0 Dodging
 - Level 5.0 Shields
 + Level 3.9 Unarmed Combat
 - Level 5.0 Spellcasting
 - Level 7.0 Transmutations
 - Level 9.0 Ice Magic
 - Level 5.0 Invocations
 + Level 1.5 Evocations


You had 13 spell levels left.
You knew the following spells:

 Your Spells              Type           Power      Damage    Failure   Level
a - Beastly Appendage     Tmut           46%        N/A       1%          1
c - Ice Form              Ice/Tmut       25%        N/A       9%          4
w - Wereblood             Tmut           23%        N/A       1%          2

Your spell library contained the following spells:

 Spells                   Type           Power      Damage    Failure   Level
 Spider Form              Tmut/Pois      13%        N/A       16%         3
 Necrotise                Necr           12%        1d4       22%         1
 Poisonous Vapours        Pois/Air       6%         N/A       32%         2
 Scorch                   Fire           6%         2d5       32%         2
 Vampiric Draining        Necr           3%         2d6       54%         3
 Cause Fear               Hex            1%         N/A       91%         4
 Corpse Rot               Necr/Pois/Air  3%         N/A       91%         4
 Flame Wave               Conj/Fire      3%         2d5       91%         4
 Agony                    Necr           3%         N/A       99%         5
 Summon Cactus Giant      Summ           1%         N/A       100%        6
 Dragon Form              Tmut           11%        N/A       100%        7
 Dragon's Call            Summ           1%         N/A       100%        9


Dungeon Overview and Level Annotations

Branches:
Dungeon (11/15)            Temple (1/1) D:6            Lair (0/5) D:11
    Orc (0/2) D:9

Altars:
Ashenzari
Cheibriados
Dithmenos
Elyvilon
Fedhas
Gozag
Hepliaklqana
Kikubaaqudgha
Makhleb
Nemelex Xobeh
Okawaru
Qazlal
Ru
Sif Muna
Trog
Uskayaw
Vehumet
Wu Jian
Xom
Yredelemnul
Zin
The Shining One

Annotations:
D:3 2 transporters, purpskrrrp's ghost, weakling OpEn
D:4 exclusion: 3 doors


Innate Abilities, Weirdness & Mutations

Your life essence is reduced to manifest your ancestor. (-10% HP)
You can breathe waves of freezing cold which knock back foes.
Your icy white scales are hard. (AC +7)
You cannot fit into any form of body armour.
Your flesh is cold resistant. (rC+)
You are cold-blooded and may be slowed by cold attacks.


Message History

You barely miss the troll.
The troll is severely wounded.
The troll closely misses you. The troll claws you but does no damage.
The troll claws you.
The water elemental hits Nikki.
You block the seven-headed hydra's attack.
The seven-headed hydra bites you! The seven-headed hydra misses you.
You block the seven-headed hydra's attack.
The seven-headed hydra bites you but does no damage.
The seven-headed hydra bites you.
You block the seven-headed hydra's attack.
You feel yourself speed up.
Nikki barely misses the water elemental.
The wraith hits you but does no damage.
The water elemental closely misses Nikki.
The troll bites you! You block the troll's attack.
The troll claws you but does no damage. The seven-headed hydra bites you.
You block the seven-headed hydra's attack.
The seven-headed hydra misses you.
The seven-headed hydra closely misses you.
The seven-headed hydra bites you but does no damage.
You block the seven-headed hydra's attack.
The seven-headed hydra completely misses you.
You whack the seven-headed hydra!
The seven-headed hydra is lightly wounded.
Nikki points at the water elemental and mumbles some strange words.
The stone arrow hits the water elemental!
Unknown command.
You hit the seven-headed hydra. You drain the seven-headed hydra.
The seven-headed hydra is moderately wounded.
The troll bites you!
* * * LOW HITPOINT WARNING * * *
The troll claws you but does no damage. The troll claws you!
* * * LOW HITPOINT WARNING * * *
The water elemental hits Nikki.
You block the wraith's attack.
The seven-headed hydra closely misses you.
The seven-headed hydra bites you but does no damage.
The seven-headed hydra bites you.
* * * LOW HITPOINT WARNING * * *
The seven-headed hydra misses you. x2; The seven-headed hydra bites you!
You die...

.......####
####'####
....#### #.#
#.### #.# #...#
#.# ###+# #.##
######††######
##.....†.......
....~~..R~..~..
##....†@TE~≈~~~
#....~WD~~~≈~≈
#..~..≈~~~.~~~
#....~~~..≈...
#..~~.≈~~..4~~
#...≈≈≈≈..>K..
#....≈≈≈~.....
....~≈≈~.~..~.


You could see the friendly Nikki the battlemage, a seven-headed hydra (drained),
a water elemental (ally target), a kobold demonologist, a troll, a chaos spawn
(summoned) and a wraith.

Vanquished Creatures
  A two-headed ogre (D:8)
  Pikel (D:4)
  A deep elf pyromancer (D:10)
  An ugly thing (D:8)
  Joseph (D:10)
  2 gargoyles (D:8)
  A kobold demonologist (D:8)
  2 trolls
  A slime creature (D:8)
  Sigmund (D:4)
  A wyvern (D:8)
  A steam dragon (D:7)
  6 yaks
  A water moccasin (D:6)
  5 ice beasts
  2 black bears
  5 orc warriors
  2 centaurs
  4 wolves (D:11)
  2 ogres
  2 lemures (D:4)
  2 phantoms
  Blork the orc (D:6)
  2 kobold brigands
  2 necrophages
  A bullfrog (D:7)
  A gnoll sergeant (D:8)
  3 scorpions
  7 killer bees
  2 electric eels (D:11)
  3 jellies
  4 hounds
  8 orc priests
  13 orc wizards
  7 adders
  6 gnolls
  2 shadow imps
  4 white imps
  2 ufetubi (D:5)
  2 worms (D:2)
  2 dart slugs (D:1)
  47 orcs
  8 ball pythons
  6 endoplasms
  2 giant cockroaches (D:3)
  9 goblins
  7 hobgoblins
  4 jackals
  13 kobolds
  4 quokkas
  7 bats
  2 frilled lizards
  2 rats (D:3)
228 creatures vanquished.

Vanquished Creatures (collateral kills)
  Fannar (D:10)
  A two-headed ogre (D:10)
  An ugly thing (D:8)
  A manticore (D:8)
  A hornet (D:10)
  A troll (D:10)
  6 yaks
  A warg (D:9)
  An orc warrior (D:9)
  A sky beast (D:7)
  2 wolves (D:11)
  A centaur (D:9)
  A kobold brigand (D:8)
  A necrophage (D:6)
  A gnoll sergeant (D:9)
  2 killer bees (D:8)
  An orc priest (D:9)
  2 orc wizards (D:9)
  3 gnolls
  A white imp (D:6)
  An ufetubus (D:7)
  5 orcs
  A hobgoblin (D:9)
  5 kobolds
42 creatures vanquished.

Vanquished Creatures (others)
  4 battlemagi
4 creatures vanquished.

Grand Total: 274 creatures vanquished

Notes
Turn   | Place    | Note
-------+----------+-------------------------------------------
     0 | D:1      | porpoise the Draconian Transmuter began the quest for the
                  | Orb.
     0 | D:1      | Reached XP level 1. HP: 16/16 MP: 3/3
   415 | D:1      | Reached XP level 2. HP: 24/24 MP: 5/5
   595 | D:1      | Learned a level 2 spell: Wereblood
   696 | D:1      | Reached XP level 3. HP: 30/30 MP: 4/6
   970 | D:1      | Found a faded altar of an unknown god.
  1093 | D:2      | Reached skill level 1 in Short Blades
  1372 | D:2      | Reached XP level 4. HP: 37/37 MP: 4/7
  1659 | D:2      | Learned a level 4 spell: Ice Form
  1714 | D:2      | Identified the +3 short sword of Aseg Piuru {pain, rC+
                  | Int+3}
  2242 | D:3      | Found a transporter.
  2510 | D:3      | HP: 2/57 [something (3)]
  2512 | D:3      | Reached XP level 5. HP: 2/45 MP: 8/8
  3053 | D:3      | Found a transporter.
  3053 | D:3      | Noticed purpskrrrp's ghost (weakling OpEn)
  3380 | D:4      | Found a blossoming altar of Fedhas.
  3380 | D:4      | Found a shimmering altar of Xom.
  3381 | D:4      | Found a snail-covered altar of Cheibriados.
  3381 | D:4      | Found a basalt altar of Yredelemnul.
  3386 | D:4      | Noticed a lemure
  3386 | D:4      | Noticed a lemure
  3386 | D:4      | Noticed a lemure
  3411 | D:4      | Killed a lemure
  3509 | D:4      | Identified the +11 whip of Siemuke {drain, rPois rF+}
  3521 | D:4      | Noticed Sigmund
  3691 | D:4      | Noticed a lemure
  3691 | D:4      | Noticed Pikel
  3698 | D:4      | Killed a lemure
  3705 | D:4      | Killed Pikel
  3706 | D:4      | Reached skill level 5 in Fighting
  3706 | D:4      | Reached skill level 2 in Maces & Flails
  3706 | D:4      | Reached skill level 5 in Transmutations
  3706 | D:4      | Reached XP level 6. HP: 53/56 MP: 9/9
  3706 | D:4      | Your scales start taking on an icy white colour.
  3706 | D:4      | Reached XP level 7. HP: 58/61 MP: 10/10
  3706 | D:4      | Gained mutation: Your flesh is cold resistant. (rC+) [White
                  | Draconian growth]
  3852 | D:4      | You fall into a shaft and drop 3 floors!
  4023 | D:6      | Reached skill level 3 in Maces & Flails
  4023 | D:6      | Reached XP level 8. HP: 61/70 MP: 11/11
  4409 | D:6      | Reached skill level 4 in Maces & Flails
  4664 | D:6      | Reached skill level 1 in Ice Magic
  4707 | D:6      | Found a staircase to the Ecumenical Temple.
  4716 | Temple   | Entered the Ecumenical Temple
  4809 | Temple   | Became a worshipper of Hepliaklqana the Forgotten
  4881 | D:6      | Reached skill level 5 in Maces & Flails
  5016 | D:5      | Entered Level 5 of the Dungeon
  5060 | D:5      | Reached XP level 9. HP: 39/78 MP: 13/13
  5429 | D:4      | Found a sacrificial altar of Ru.
  5580 | D:4      | Killed Sigmund
  6056 | D:5      | Reached * piety under Hepliaklqana
  6123 | D:5      | Reached skill level 6 in Maces & Flails
  6445 | D:6      | Noticed Blork the orc
  6455 | D:6      | Killed Blork the orc
  6785 | D:7      | Reached skill level 5 in Ice Magic
  6947 | D:7      | Reached skill level 5 in Spellcasting
  7084 | D:7      | Reached ** piety under Hepliaklqana
  7084 | D:7      | Found an opulent altar of Gozag.
  7086 | D:7      | Remembered your ancestor Nikki as a battlemage
  7283 | D:7      | Reached skill level 7 in Maces & Flails
  7420 | D:8      | Reached skill level 1 in Shields
  7609 | D:8      | Noticed a troll
  7611 | D:8      | Noticed a gargoyle
  7615 | D:8      | Killed a troll
  7619 | D:8      | Reached XP level 10. HP: 77/77 MP: 14/17
  7634 | D:8      | Killed a gargoyle
  8120 | D:8      | Found a hide-covered altar of Uskayaw.
  8340 | D:8      | Noticed a red ugly thing
  8346 | D:8      | Killed a red ugly thing
  8468 | D:8      | Noticed a cyan ugly thing
  8468 | D:8      | Noticed a two-headed ogre
  8475 | D:8      | Killed a cyan ugly thing
  8476 | D:8      | Reached skill level 8 in Maces & Flails
  8485 | D:8      | Killed a two-headed ogre
  8811 | D:8      | Noticed a manticore
  8814 | D:8      | Noticed a gargoyle
  8816 | D:8      | Killed a manticore
  8817 | D:8      | Reached skill level 5 in Shields
  8829 | D:8      | Killed a gargoyle
  9149 | D:8      | Reached skill level 9 in Maces & Flails
  9252 | D:8      | Reached skill level 1 in Invocations
  9704 | D:9      | Reached *** piety under Hepliaklqana
 10053 | D:9      | Reached XP level 11. HP: 61/82 MP: 18/18
 10605 | D:9      | Found a staircase to the Orcish Mines.
 11219 | D:10     | Entered Level 10 of the Dungeon
 11321 | D:10     | Noticed a two-headed ogre
 11329 | D:10     | Killed a two-headed ogre
 11469 | D:10     | Noticed Fannar
 11480 | D:10     | Killed Fannar
 11518 | D:10     | Reached skill level 10 in Maces & Flails
 11763 | D:10     | Reached **** piety under Hepliaklqana
 11872 | D:10     | Found a white marble altar of Elyvilon.
 11890 | D:10     | Noticed a deep elf pyromancer
 11906 | D:10     | Killed a deep elf pyromancer
 11983 | D:10     | Noticed Joseph
 11995 | D:10     | Killed Joseph
 11996 | D:10     | Reached skill level 5 in Invocations
 12335 | D:11     | Reached skill level 1 in Evocations
 12338 | D:11     | Reached skill level 5 in Dodging
 12343 | D:11     | Found a staircase to the Lair.
 12344 | D:11     | Noticed a seven-headed hydra
 12352 | D:11     | Slain by a seven-headed hydra

Illustrated notes

Levels and vault maps discovered:
D:1:      matt_arrival_los_fun, layout_rooms,
          shapermc_ecumenical_altar_totnotflames
D:2:      layout_loops_ring
D:3:      layout_rooms, gammafunk_ghost_mausoleum
D:4:      layout_loops_corners, kennysheep_mini,
          chequers_temple_overflow_statue_of_worship, uniq_sigmund, uniq_pikel
D:5:      layout_rooms, hangedman_decor_lopped
D:6:      layout_basic, minmay_temple_entry_waves, uniq_blork_the_orc
D:7:      layout_gridville, mainiacjoe_overflow_surrounded_room
D:8:      minmay_tri_box, layout_basic, eat_drink_and_be_merry_uskayaw,
          serial_bayou_pond_d, st_stairs_4
D:9:      layout_stronghold, erik_orc_4, minivault_27
D:10:     layout_long_grid, elyvilon_altar_1,
          hangedman_abyss_or_decor_lesser_grid, uniq_fannar, uniq_joseph
D:11:     layout_roguey, erik_lair_island
Temple:   compressed_dpeg_circular_temple

Skill      XL: |  1  2  3  4  5  6  7  8  9 10 11 |
---------------+----------------------------------+-----
Fighting       | 2 3 5 6 7 |  7.0
Short Blades   | 1 2 |  2.0
Transmutations | 3 5 6 7 |  7.0
Maces & Flails | 2 3 5 7 9 10 | 10.2
Ice Magic      | 2 6 9 |  9.0
Spellcasting   | 3 5 |  5.0
Shields        | 2 5 |  5.0
Dodging        | 2 5 |  5.0
Invocations    | 1 5 |  5.0
Evocations     | 1 |  1.5
Unarmed Combat | |  3.9

Action                   |  1- 3 |  4- 6 |  7- 9 | 10-12 || total
-------------------------+-------+-------+-------+-------++-------
Melee: Short sword       |    94 |   100 |       |       ||   194
       Kick              |    10 |     9 |    10 |    20 ||    49
       Punch             |     2 |       |       |       ||     2
       Tailslap          |     7 |    10 |    34 |    30 ||    81
       Whip              |       |    13 |   232 |   219 ||   464
       Headbutt          |       |     3 |     7 |    21 ||    31
       Unarmed           |       |       |       |    11 ||    11
 Fire: Sling             |     1 |     1 |     3 |    11 ||    16
 Cast: Beastly Appendage |    10 |    10 |     5 |     7 ||    32
       Wereblood         |       |       |     1 |     2 ||     3
       Ice Form          |       |       |       |     1 ||     1
Invok: Recall Ancestor   |       |       |     1 |     1 ||     2
       Ancestor Life: Ba |       |       |     1 |       ||     1
       Ancestor Identity |       |       |     1 |       ||     1
Evoke: Wand              |       |     1 |     2 |     5 ||     8
  Use: Scroll            |       |    11 |     7 |     5 ||    23
       Potion            |       |     6 |     1 |     1 ||     8
 Stab: Invisible         |       |     4 |       |     1 ||     5
       Sleeping          |       |       |     2 |     1 ||     3
       Distracted        |       |       |     1 |     4 ||     5
       Paralysed         |       |       |       |     2 ||     2
Armor: Skin              |    45 |    58 |   107 |    64 ||   274
Dodge: Dodged            |    66 |    51 |    99 |   106 ||   322
Block: Buckler           |     3 |     8 |    31 |    64 ||   106

Table legend: (Time is in decaauts)
 A = Elapsed time spent in this place.
 B = Non-inter-level travel time spent in this place.
 C = Inter-level travel time spent in this place.
 D = Time resting spent in this place.
 E = Time spent auto-exploring this place.
 F = Levels seen in this place.
 G = Mean time per level.
                   A        B        C        D        E       F      G
               +--------+--------+--------+--------+--------+-----+--------+
         Total |  12268 |  12005 |    263 |   3828 |   6081 |  12 | 1022.3 |
       Dungeon |  12148 |  11911 |    237 |   3828 |   6012 |  11 | 1104.4 |
        Temple |    119 |     93 |     26 |      0 |     69 |   1 |  119.0 |
               +--------+--------+--------+--------+--------+-----+--------+

Top non-repeatable levels by time:
     D:8: 2393 daAuts
     D:9: 1364 daAuts
     D:4: 1312 daAuts
     D:3: 1282 daAuts
     D:7: 1093 daAuts
     D:6: 1062 daAuts
     D:1: 1057 daAuts
    D:10: 1023 daAuts
     D:2: 968 daAuts
     D:5: 508 daAuts
  Temple: 119 daAuts
    D:11: 81 daAuts
